 Dungeon Crawl Stone Soup version 0.29.1-1-gd02db6906a (webtiles) character file.

Game seed: 5118192449241399992

417 hawla the Firebug (level 7, -2/45 HPs)
             Began as a Meteoran Fire Elementalist on Oct 13, 2022.
             Slain by a black bear (3 damage)
             ... on level 4 of the Dungeon.
             The game lasted 00:07:58 (1795 turns).

hawla the Firebug (Meteoran Fire Elementalist)      Turns: 1795, Time: 00:07:58

Health: -2/45      AC:  3    Str:  6    XL:     7   Next: 38%
Magic:  4/14       EV: 13    Int: 24    God:
Gold:   237        SH:  0    Dex: 13    Spells: 8/15 levels left

rFire   . . .      SeeInvis .   (no weapon)
rCold   . . .      Faith    .   (no shield)
rNeg    . . .      Spirit   .   a - +1 robe
rPois   .          Reflect  .   (no helmet)
rElec   .          Harm     .   (no cloak)
rCorr   .          Rampage  .   (no gloves)
Will    .....                   (no boots)
Stlth   +.........              (no amulet)
HPRegen 0.15/turn               (no ring)
MPRegen 0.14/turn               (no ring)

@: glowing
A: sense surroundings 1, otherworldly, glowing, explore regen, clever 1, frail
1, weak 1
a: no special abilities


You were on level 4 of the Dungeon.
You visited 1 branch of the dungeon, and saw 4 of its levels.

You collected 237 gold pieces.

Inventory:

Armour
 a - a +1 robe (worn)
Scrolls
 g - a scroll of blinking {unknown}
 h - 2 scrolls of immolation {unknown}
 i - a scroll of enchant armour
 k - a scroll of silence {unknown}
 l - a scroll of fear {unknown}
Potions
 b - a potion of magic
 c - 3 potions of degeneration {unknown}
 d - 2 potions of flight {unknown}
 f - 2 potions of curing
 j - a potion of brilliance


   Skills:
 + Level 0.4 Fighting
 + Level 3.4 Dodging
 - Level 1.4 Stealth
 + Level 4.5 Spellcasting
 + Level 3.3 Conjurations
 + Level 7.0 Fire Magic


You had 8 spell levels left.
You knew the following spells:

 Your Spells              Type           Power      Damage    Failure   Level
a - Foxfire               Conj/Fire      100%       2x1d9     1%          1
b - Scorch                Fire           78%        2d8       1%          2
c - Flame Wave            Conj/Fire      30%        2d9       11%         4

Your spell library contained the following spells:

 Spells                   Type           Power      Damage    Failure   Level
 Magic Dart               Conj           84%        1d7       2%          1
 Conjure Flame            Conj/Fire      30%        6-21      3%          3
 Inner Flame              Hex/Fire       22%        N/A       7%          3
 Slow                     Hex            20%        N/A       10%         1
 Call Imp                 Summ           5%         N/A       14%         2
 Mephitic Cloud           Conj/Pois/Air  10%        N/A       17%         3
 Confusing Touch          Hex            5%         N/A       28%         3
 Vampiric Draining        Necr           5%         2d6       28%         3


Dungeon Overview and Level Annotations

Branches:
Dungeon (4/15) Zot: 604
 Temple: D:4-7

Altars:
Qazlal
Ru
Xom

Shops:
D:2 (


Innate Abilities, Weirdness & Mutations

You passively map a small area around you.
You are easily found by Zot.
You glow in the dark.
You regain HP and MP as you explore.
Your mind is acute. (Int +4, Str/Dex -1)
You are frail. (-10% HP)
You are weak. (Str -2)


Message History

The black bear attacks as you move away!
The black bear closely misses you. The black bear misses you.
The black bear claws you.
The black bear attacks as you move away!
The black bear bites you!
* * * LOW HITPOINT WARNING * * *
The black bear closely misses you. The black bear barely misses you.
The black bear attacks as you move away!
The black bear bites you.
* * * LOW HITPOINT WARNING * * *
The black bear claws you but does no damage.
The black bear barely misses you.
As you read the scroll of summoning, it crumbles to dust.
Wisps of shadow whirl around you...
The black bear bites you but does no damage.
The black bear claws you.
* * * LOW HITPOINT WARNING * * *
The black bear claws you.
* * * LOW HITPOINT WARNING * * *
The black bear attacks as you move away!
The black bear bites you.
* * * LOW HITPOINT WARNING * * *
The black bear claws you.
* * * LOW HITPOINT WARNING * * *
The black bear claws you but does no damage.
Your quokka closely misses the black bear.
Your hobgoblin barely misses the black bear.
The black bear attacks as you move away!
The black bear bites you but does no damage.
The black bear claws you.
* * * LOW HITPOINT WARNING * * *
The black bear claws you.
* * * LOW HITPOINT WARNING * * *
Your quokka closely misses the black bear.
Your hobgoblin hits the black bear but does no damage.
Your goblin hits the black bear with a +0 dagger.
Casting: Foxfire (safe; 1% risk of failure)
Confirm with . or Enter, or press ? or * to list all spells.
You conjure some foxfire!
The black bear bites you.
You die...

, *, , , , ...* , .. *
,.. > .. , .. * * ... *
#. 8 ,,8 *,... * #.#* * *
* * .).. ..*
#.#############....
...##*
#v.g..........)...)
.....####.@hr.........)#,
.......<...vg..........#
,
.......................#,
,
.......................#
,
..............##.......#*
,
........>..##..#.....#.#*
,
...##.....##)#......####
, ,
#........#####...#.### ,,
*#....##).##.........#.


You could see a black bear (ally target), a friendly quokka (summoned), a
friendly hobgoblin (summoned) and a friendly goblin (summoned).

Vanquished Creatures
  An ogre (D:4)
  A scorpion (D:2)
  Jessica (D:2)
  An iguana (D:3)
  8 adders
  5 gnolls
  3 worms
  4 dart slugs
  An orc (D:3)
  9 bats
  2 endoplasms
  3 giant cockroaches
  4 goblins
  7 hobgoblins
  11 kobolds
  5 quokkas (D:3)
  7 ball pythons
  7 frilled lizards
  3 rats
83 creatures vanquished.

Vanquished Creatures (collateral kills)
  A goblin (D:2)
  A hobgoblin (D:2)
  A ball python (D:2)
  A frilled lizard (D:2)
  A kobold (D:2)
  9 foxfires (D:3)
14 creatures vanquished.

Vanquished Creatures (others)
  164 foxfires
  12 plants (D:3)
176 creatures vanquished.

Grand Total: 273 creatures vanquished

Notes
Turn   | Place    | Note
-------+----------+-------------------------------------------
     0 | D:1      | hawla the Meteoran Fire Elementalist began the quest for
                  | the Orb.
     0 | D:1      | Reached XP level 1. HP: 14/14 MP: 5/5
    52 | D:1      | Reached skill level 4 in Fire Magic
    52 | D:1      | Reached XP level 2. HP: 15/20 MP: 2/6
    56 | D:1      | Learned a level 2 spell: Scorch
   242 | D:1      | Reached XP level 3. HP: 26/26 MP: 4/8
   500 | D:1      | Glimpsed the power of Zot.
   557 | D:2      | Reached XP level 4. HP: 33/33 MP: 9/9
   703 | D:2      | Reached XP level 5. HP: 22/38 MP: 0/11
   751 | D:2      | Reached skill level 5 in Fire Magic
   756 | D:2      | Learned a level 4 spell: Flame Wave
   774 | D:2      | Found Haidghauk's Antique Weapon Shoppe.
   820 | D:2      | Found a sacrificial altar of Ru.
   821 | D:2      | Noticed Jessica
   824 | D:2      | Killed Jessica
   825 | D:2      | Reached XP level 6. HP: 46/46 MP: 7/13
  1129 | D:3      | Identified the +0 leather armour "Juucaol" {rC+ Dex+6}
  1152 | D:3      | Reached skill level 6 in Fire Magic
  1189 | D:3      | Found a shimmering altar of Xom.
  1573 | D:3      | Found a stormy altar of Qazlal.
  1700 | D:3      | Glimpsed the power of Zot.
  1719 | D:4      | Gained mutation: You are weak. (Str -2) [potion of
                  | mutation]
  1719 | D:4      | Gained mutation: You are frail. (-10% HP) [potion of
                  | mutation]
  1719 | D:4      | Gained mutation: Your mind is acute. (Int +4, Str/Dex -1)
                  | [potion of mutation]
  1749 | D:4      | Reached XP level 7. HP: 41/45 MP: 1/14
  1784 | D:4      | Reached skill level 7 in Fire Magic
  1794 | D:4      | HP: 2/45 [black bear (1)]
  1795 | D:4      | Slain by a black bear

Illustrated notes

Levels and vault maps discovered:
D:1:      roderic_octagonal_star, layout_basic
D:2:      layout_rooms, serial_shops, shop, basic_altar,
          kennysheep_generic_room_16, uniq_jessica
D:3:      wad_woods_stonehenge, layout_basic, lemuel_tele_altar, serial_glass,
          glass_columns_a, glass_columns_a
D:4:      kennysheep_goblin_castle, layout_cave_pools,
          nicolae_overflow_hidden_temple, mainiacjoe_overflow_boulevard,
          mainiacjoe_overflow_paths

Skill      XL: |  1  2  3  4  5  6  7 |
---------------+----------------------+-----
Fire Magic     | 4 5 6 7 |  7.0
Spellcasting   | 3 4 |  4.5
Dodging        | 3 |  3.4
Conjurations   | 2 3 |  3.3
Fighting       | |  0.4
Stealth        | |  1.4

Action                   |  1- 3 |  4- 6 |  7- 9 || total
-------------------------+-------+-------+-------++-------
Melee: Unarmed           |     9 |    15 |       ||    24
 Cast: Foxfire           |    29 |    64 |     7 ||   100
       Scorch            |     9 |    22 |     3 ||    34
       Flame Wave        |       |     1 |       ||     1
  Use: Scroll            |     5 |     3 |     1 ||     9
       Potion            |       |     1 |       ||     1
Armor: Robe              |     7 |    14 |     6 ||    27
Dodge: Dodged            |    13 |    40 |     8 ||    61
